 Dungeon Crawl Stone Soup version 0.27-a0-972-gd1521fd518 (webtiles) character file.

Game seed: 5874120202551839303

16 Alarkh the Insei (level 2, 10/21 HPs)
             Began as a Demonspawn Transmuter on Apr 13, 2021.
             Got out of the dungeon alive.
             The game lasted 00:00:21 (274 turns).

Alarkh the Insei (Demonspawn Transmuter)             Turns: 274, Time: 00:00:21

Health: 10/21      AC:  2    Str: 10    XL:     2   Next: 37%
Magic:  5/5        EV: 12    Int: 14    God:
Gold:   0          SH:  0    Dex: 13    Spells: 4/5 levels left

rFire    . . .     SeeInvis .     - Unarmed
rCold    . . .     Faith    .   (no shield)
rNeg     . . .     Spirit   .   a - +0 robe
rPois    .         Reflect  .   (no helmet)
rElec    .         Harm     .   (no cloak)
rCorr    .         Rampage  .   (no gloves)
Will     .....                  (no boots)
Stlth    +.........             (no amulet)
HPRegen  0.07/turn              (no ring)
MPRegen  0.09/turn              (no ring)

@: no status effects
A: hooves 1
a: no special abilities


You escaped.
You visited 1 branch of the dungeon, and saw 1 of its levels.

Inventory:

Armour
 a - a +0 robe (worn)
Magical Staves
 d - a staff of fire
Scrolls
 e - a scroll of magic mapping {unknown}
Potions
 b - 2 potions of heal wounds {unknown}
 c - 2 potions of haste {unknown}


   Skills:
 + Level 1.3 Fighting
 - Level 1.7 Dodging
 * Level 3.0 Unarmed Combat
 + Level 2.1 Spellcasting
 + Level 2.0 Transmutations


You had 4 spell levels left.
You knew the following spells:

 Your Spells              Type           Power      Damage    Failure   Level
a - Beastly Appendage     Tmut           14%        N/A       11%         1

Your spell library contained the following spells:

 Spells                   Type           Power      Damage    Failure   Level
 Wereblood                Tmut           7%         N/A       16%         2
 Spider Form              Tmut/Pois      2%         N/A       43%         3
 Ice Form                 Ice/Tmut       4%         N/A       83%         4
 Hydra Form               Tmut           3%         N/A       96%         5


Dungeon Overview and Level Annotations

Branches:
Dungeon (1/15)

Altars:

Shops:
D:1 (?


Innate Abilities, Weirdness & Mutations

You have large cloven feet.


Message History

The jackal is heavily wounded.
The jackal closely misses you.
Unknown command.
You hit the jackal. You kick the jackal.
You kill the jackal!
Found a stone staircase leading down.
You hit the dart slug but do no damage. You kick the dart slug.
The dart slug is moderately wounded.
The dart slug closely misses you.
You hit the dart slug.
The dart slug is almost dead.
The dart slug launches a dart at you. The slug dart hits you.
You are too injured to fight recklessly!
You are too injured to fight recklessly!
You are too injured to fight recklessly!
You are too injured to fight recklessly!
You are too injured to fight recklessly!
You are too injured to fight recklessly!
You are too injured to fight recklessly!
You are too injured to fight recklessly!
You are too injured to fight recklessly!
You are too injured to fight recklessly!
You are too injured to fight recklessly!
You are too injured to fight recklessly!
You are too injured to fight recklessly!
You are too injured to fight recklessly!
You are too injured to fight recklessly!
You are too injured to fight recklessly!
You hit the dart slug.
You kill the dart slug!
Unknown command.
Your horns disappear.
Found Omieg's Antique Weapon Boutique.
Found 2 gold pieces.
You open the door.
There is an open door here.
There is a staircase leading out of the dungeon here.
Are you sure you want to leave the Dungeon?
This will make you lose the game!
You have escaped!

##### ... ##≈≈≈## ...
##≈≈P≈≈##..# ##≈≈≈.≈≈≈##.#
#≈≈P.8.P≈≈#.# ##≈≈.....≈≈#.#
##8≈.......≈8.####
#.'.P8.@.8P.'....####### ..
#.8≈.......≈8.##........
...####.#≈≈.....≈≈#.###.......
........#≈≈P.8.P≈≈#.# #.......
.$......##≈≈≈.≈≈≈##.# ########
.........##≈≈P≈≈##..#
..........##≈≈≈##...##
...........#####.....#
.>..#######......#.#.# ##


There were no monsters in sight!

Vanquished Creatures
  A dart slug (D:1)
  2 ball pythons (D:1)
  An endoplasm (D:1)
  A hobgoblin (D:1)
  5 jackals (D:1)
  A frilled lizard (D:1)
  A kobold (D:1)
12 creatures vanquished.

Notes
Turn   | Place    | Note
-------+----------+-------------------------------------------
     0 | D:1      | Alarkh the Demonspawn Transmuter began the quest for the
                  | Orb.
     0 | D:1      | Reached XP level 1. HP: 15/15 MP: 3/3
    39 | D:1      | Found Yfeth's Magic Scroll Shop.
   120 | D:1      | Lost mutation: You have razor-sharp toenails. [demonic
                  | ancestry]
   120 | D:1      | Lost mutation: You have sharp toenails. [demonic ancestry]
   120 | D:1      | Gained mutation: You have large cloven feet. [demonic
                  | ancestry]
   120 | D:1      | Reached XP level 2. HP: 8/21 MP: 3/5
   243 | D:1      | Reached skill level 3 in Unarmed Combat
   257 | D:1      | Found Omieg's Antique Weapon Boutique.
   274 | D:$      | Got out of the dungeon alive.

Illustrated notes

Levels and vault maps discovered:
D:1:      lightli_arrival_statuegarden, layout_rooms, serial_shops, shop,
          nicolae_shop_crystal, shop, hellmonk_ecumenical_altar_lost_god

Skill      XL: |  1  2 |
---------------+-------+-----
Unarmed Combat | 3 |  3.0
Transmutations | 2 |  2.0
Fighting       | |  1.3
Dodging        | |  1.7
Spellcasting   | |  2.1

Action                   || total
-------------------------++-------
Melee: Unarmed           ||    30
       Headbutt          ||     3
       Kick              ||     6
 Cast: Beastly Appendage ||     7
Armor: Robe              ||     2
Dodge: Dodged            ||    23

Table legend: (Time is in decaauts)
 A = Elapsed time spent in this place.
 B = Non-inter-level travel time spent in this place.
 C = Inter-level travel time spent in this place.
 D = Time resting spent in this place.
 E = Time spent auto-exploring this place.
 F = Levels seen in this place.
 G = Mean time per level.
                   A        B        C        D        E       F      G
               +--------+--------+--------+--------+--------+-----+--------+
         Total |    272 |    248 |     24 |      0 |    188 |   1 |  272.0 |
       Dungeon |    272 |    248 |     24 |      0 |    188 |   1 |  272.0 |
               +--------+--------+--------+--------+--------+-----+--------+

Top non-repeatable levels by time:
     D:1: 272 daAuts
